PUBA
BETHESDA GAMERS @ SPRUCE GROVE EAGLES
04/23/1972
 
TOP OF THE 1ST
Bethesda Gamers batting - Pitching for Spruce Grove Eagles : RHP Dan Chaney
Pitching: RHP Dan Chaney
Batting: RHB Mike Hayes 0-0: Ball
1-0: Called Strike
1-1: Called Strike
1-2: Strikes out looking
Batting: LHB Denny Doyle 0-0: Called Strike
0-1: Swinging Strike
0-2: Ball
1-2: Fly out, F7 (Flyball, 7S, EV 95.0 MPH)
Batting: LHB José Velázquez 0-0: Ball
1-0: Called Strike
1-1: Called Strike
1-2: Ball
2-2: Foul Ball, location: 7LDF
2-2: Strikes out swinging
Top of the 1st over - 0 runs, 0 hits, 0 errors, 0 left on base; Bethesda 0 - Spruce Grove 0
BOTTOM OF THE 1ST
Spruce Grove Eagles batting - Pitching for Bethesda Gamers : RHP Mark Mathews
Pitching: RHP Mark Mathews
Batting: RHB Frank Taveras 0-0: Ground out 4-3 (Groundball, 4, EV 79.4 MPH)
Batting: LHB Rick Miller 0-0: Ball
1-0: Ball
2-0: Ball
3-0: Base on Balls
Batting: LHB Jeff O'Neal 0-0: Ball
1-0: Ball
2-0: Foul Ball, location: 2F
2-1: Swinging Strike
2-2: Ground out 4-3 (Groundball, 4S, EV 70.0 MPH)
Rick Miller to second
Batting: SHB Randy Harris 0-0: Ground out U3 (Groundball, 34, EV 88.8 MPH)
Bottom of the 1st over - 0 runs, 0 hits, 0 errors, 1 left on base; Bethesda 0 - Spruce Grove 0
TOP OF THE 2ND
Bethesda Gamers batting - Pitching for Spruce Grove Eagles : RHP Dan Chaney
Batting: LHB Kendrick Wolf 0-0: Called Strike
0-1: Ball
1-1: Called Strike
1-2: Foul Ball, location: 2F
1-2: Foul Ball, location: 7LDF
1-2: Ball
2-2: Foul Ball, location: 25F
2-2: Strikes out swinging
Batting: RHB Dusty Cox 0-0: Called Strike
0-1: Ball
1-1: Swinging Strike
1-2: Strikes out swinging
Batting: LHB Melvin Ewing 0-0: Foul Ball, location: 23F
0-1: Swinging Strike
0-2: Ball
1-2: Foul Ball, location: 2F
1-2: Foul Ball, location: 2F
1-2: Strikes out looking
Top of the 2nd over - 0 runs, 0 hits, 0 errors, 0 left on base; Bethesda 0 - Spruce Grove 0
BOTTOM OF THE 2ND
Spruce Grove Eagles batting - Pitching for Bethesda Gamers : RHP Mark Mathews
Batting: RHB Dennis Herrera 0-0: Called Strike
0-1: Called Strike
0-2: Foul Ball, location: 25F
0-2: Strikes out swinging
Batting: LHB Boots Day 0-0: Called Strike
0-1: Ball
1-1: Ball
2-1: Fly out, F6 (Popup, 6, EV 56.3 MPH)
Batting: RHB Tony Bartlett 0-0: Foul Ball, location: 3SF
0-1: Called Strike
0-2: Foul Ball, location: 2F
0-2: Foul Ball, location: 5DF
0-2: Ball
1-2: Ground out 4-3 (Groundball, 4, EV 88.8 MPH)
Bottom of the 2nd over - 0 runs, 0 hits, 0 errors, 0 left on base; Bethesda 0 - Spruce Grove 0
TOP OF THE 3RD
Bethesda Gamers batting - Pitching for Spruce Grove Eagles : RHP Dan Chaney
Batting: RHB Bob Heise 0-0: Foul Ball, location: 2F
0-1: Called Strike
0-2: Strikes out swinging
Batting: RHB John Coleman 0-0: Fly out, F8 (Flyball, 78D, EV 93.1 MPH)
Batting: SHB Vincent Hilton 0-0: Ball
1-0: Called Strike
1-1: Ball
2-1: Fly out, F9 (Flyball, 9, EV 93.8 MPH)
Top of the 3rd over - 0 runs, 0 hits, 0 errors, 0 left on base; Bethesda 0 - Spruce Grove 0
BOTTOM OF THE 3RD
Spruce Grove Eagles batting - Pitching for Bethesda Gamers : RHP Mark Mathews
Batting: RHB Sergio Flores 0-0: Ball
1-0: Ball
2-0: Foul Ball, location: 2F
2-1: Swinging Strike
2-2: Ball
3-2: Strikes out swinging
Batting: RHB Richard van Lint 0-0: Ground out 5-3 (Groundball, 56S, EV 83.1 MPH)
Batting: RHB Frank Taveras 0-0: Called Strike
0-1: Ground out 6-3 (Groundball, 6, EV 86.3 MPH)
Bottom of the 3rd over - 0 runs, 0 hits, 0 errors, 0 left on base; Bethesda 0 - Spruce Grove 0
TOP OF THE 4TH
Bethesda Gamers batting - Pitching for Spruce Grove Eagles : RHP Dan Chaney
Batting: RHB Mike Hayes 0-0: Called Strike
0-1: Ground out 6-3 (Groundball, 6, EV 94.4 MPH)
Batting: LHB Denny Doyle 0-0: Ball
1-0: Foul Ball, location: 2F
1-1: Called Strike
1-2: Foul Ball, location: 7LSF
1-2: Fly out, F9 (Flyball, 89M, EV 87.5 MPH)
Batting: LHB José Velázquez 0-0: Called Strike
0-1: Ball
1-1: Ball
2-1: Foul Ball, location: 7LDF
2-2: Strikes out looking
Top of the 4th over - 0 runs, 0 hits, 0 errors, 0 left on base; Bethesda 0 - Spruce Grove 0
BOTTOM OF THE 4TH
Spruce Grove Eagles batting - Pitching for Bethesda Gamers : RHP Mark Mathews
Batting: LHB Rick Miller 0-0: Ball
1-0: Ball
2-0: Called Strike
2-1: Swinging Strike
2-2: Ball
3-2: Base on Balls
Batting: LHB Jeff O'Neal 0-0: DOUBLE (Flyball, 78XD, EV 96.9 MPH)
Rick Miller to third
Batting: SHB Randy Harris 0-0: Foul Ball, location: 25F
0-1: Called Strike
0-2: Foul Ball, location: 5SF
0-2: Foul Ball, location: 2RF
0-2: Fly out, F8 (Line Drive, 8LD, EV 106.3 MPH)
Runner from 3rd tags up, OUT at HOME! 8-2
Jeff O'Neal to third
Batting: RHB Dennis Herrera 0-0: Ball
1-0: Foul Ball, location: 2F
1-1: Swinging Strike
1-2: Strikes out swinging
Bottom of the 4th over - 0 runs, 1 hit, 0 errors, 1 left on base; Bethesda 0 - Spruce Grove 0
TOP OF THE 5TH
Bethesda Gamers batting - Pitching for Spruce Grove Eagles : RHP Dan Chaney
Batting: LHB Kendrick Wolf 0-0: Ball
1-0: Called Strike
1-1: Called Strike
1-2: Strikes out swinging
Batting: RHB Dusty Cox 0-0: Called Strike
0-1: Ball
1-1: Ball
2-1: Swinging Strike
2-2: Foul Ball, location: 7LMF
2-2: Foul Ball, location: 9LMF
2-2: Ground out 1-3 (Groundball, 34S, EV 65.6 MPH)
Batting: LHB Melvin Ewing 0-0: Fly out, F9 (Line Drive, 89M, EV 105.6 MPH)
Top of the 5th over - 0 runs, 0 hits, 0 errors, 0 left on base; Bethesda 0 - Spruce Grove 0
BOTTOM OF THE 5TH
Spruce Grove Eagles batting - Pitching for Bethesda Gamers : RHP Mark Mathews
Batting: LHB Boots Day 0-0: Called Strike
0-1: Called Strike
0-2: Ground out 6-3 (Groundball, 6, EV 95.0 MPH)
Batting: RHB Tony Bartlett 0-0: Foul Ball, location: 2F
0-1: Ball
1-1: Ball
2-1: Foul Ball, location: 2F
2-2: Ball
3-2: Foul Ball, location: 2F
3-2: Base on Balls
Batting: RHB Sergio Flores 0-0: Ball
1-0: Foul Ball, location: 9LSF
1-1: Foul Ball, location: 23F
1-2: Strikes out swinging
Batting: RHB Richard van Lint 0-0: Called Strike
0-1: Ground out U3 (Groundball, 34, EV 86.9 MPH)
Bottom of the 5th over - 0 runs, 0 hits, 0 errors, 1 left on base; Bethesda 0 - Spruce Grove 0
TOP OF THE 6TH
Bethesda Gamers batting - Pitching for Spruce Grove Eagles : RHP Dan Chaney
Batting: RHB Bob Heise 0-0: Called Strike
0-1: Called Strike
0-2: Ball
1-2: Strikes out swinging
Batting: RHB John Coleman 0-0: Ball
1-0: Called Strike
1-1: Reached on error, E4 (Groundball, 4, EV 80.0 MPH)
Batting: SHB Vincent Hilton 0-0: Foul Ball, location: 2F
0-1: Foul Ball, location: 9LSF
0-2: Ball
1-2: Strikes out swinging
Batting: RHB Mike Hayes 0-0: Swinging Strike
0-1: Foul Ball, location: 2F
0-2: Foul Ball, location: 2F
0-2: Foul Ball, location: 2F
0-2: SINGLE (Line Drive, 7S, EV 91.3 MPH)
John Coleman to third
Throwing error, E7
John Coleman scores
Mike Hayes to second
Pitching: RHP Jared Weeks
Batting: LHB Denny Doyle 0-0: Called Strike
0-1: Ball
1-1: Called Strike
1-2: Strikes out swinging
Top of the 6th over - 1 run, 1 hit, 2 errors, 1 left on base; Bethesda 1 - Spruce Grove 0
BOTTOM OF THE 6TH
Spruce Grove Eagles batting - Pitching for Bethesda Gamers : RHP Mark Mathews
Batting: RHB Frank Taveras 0-0: Ball
1-0: Ball
2-0: Fly out, F3 (Popup, 3F, EV 65.0 MPH)
Batting: LHB Rick Miller 0-0: Called Strike
0-1: Ball
1-1: Ball
2-1: Ball
3-1: Called Strike
3-2: Base on Balls
Batting: LHB Jeff O'Neal 0-0: Fly out, F9 (Line Drive, 9, EV 93.8 MPH)
Batting: SHB Randy Harris 0-0: Ball
1-0: Called Strike
1-1: Called Strike
1-2: Ball
2-2: Foul Ball, location: 3FF
2-2: Foul Ball, location: 2F
2-2: Ground out U3 (Groundball, 34S, EV 85.6 MPH)
Bottom of the 6th over - 0 runs, 0 hits, 0 errors, 1 left on base; Bethesda 1 - Spruce Grove 0
TOP OF THE 7TH
Bethesda Gamers batting - Pitching for Spruce Grove Eagles : RHP Jared Weeks
Pitching: LHP Ronald Pierce
Batting: LHB José Velázquez 0-0: Swinging Strike
0-1: Foul Ball, location: 9LMF
0-2: Fly out, F7 (Flyball, 7, EV 96.3 MPH)
Batting: LHB Kendrick Wolf 0-0: Foul Ball, location: 2F
0-1: Foul Ball, location: 2F
0-2: Strikes out looking
Batting: RHB Dusty Cox 0-0: Called Strike
0-1: Ball
1-1: Foul Ball, location: 3SF
1-2: Strikes out swinging
Top of the 7th over - 0 runs, 0 hits, 0 errors, 0 left on base; Bethesda 1 - Spruce Grove 0
BOTTOM OF THE 7TH
Spruce Grove Eagles batting - Pitching for Bethesda Gamers : RHP Mark Mathews
Batting: RHB Dennis Herrera 0-0: Ball
1-0: Ball
2-0: Ball
3-0: Called Strike
3-1: Foul Ball, location: 9LSF
3-2: Foul Ball, location: 9LDF
3-2: Foul Ball, location: 9LSF
3-2: Strikes out swinging
Batting: LHB Boots Day 0-0: Ball
1-0: Foul Ball, location: 2LF
1-1: Fly out, F7 (Line Drive, 7LM, EV 93.1 MPH)
Batting: RHB Tony Bartlett 0-0: Ball
1-0: Ball
2-0: Foul Ball, location: 2F
2-1: Foul Ball, location: 2F
2-2: Ball
3-2: Strikes out swinging
Bottom of the 7th over - 0 runs, 0 hits, 0 errors, 0 left on base; Bethesda 1 - Spruce Grove 0
TOP OF THE 8TH
Bethesda Gamers batting - Pitching for Spruce Grove Eagles : LHP Ronald Pierce
Batting: LHB Melvin Ewing 0-0: Called Strike
0-1: Ground out 6-3 (Groundball, 6M, EV 98.8 MPH)
Batting: RHB Bob Heise 0-0: SINGLE (Line Drive, 89S, EV 93.1 MPH)
Batting: RHB John Coleman 0-0: Swinging Strike
0-1: Ball
1-1: Foul Ball, location: 7LMF
1-2: Ball
2-2: Strikes out swinging
Batting: SHB Vincent Hilton 0-0: Ball
Wild Pitch!
Bob Heise to second
1-0: Foul Ball, location: 5SF
1-1: Ball
2-1: Ball
3-1: Base on Balls
Pinch Runner at 2nd Michael Patrick:
Batting: RHB Mike Hayes 0-0: Ball
1-0: Called Strike
1-1: SINGLE (Line Drive, 9S, EV 104.4 MPH)
Michael Patrick to third
Vincent Hilton to second
Throwing error, E9
Michael Patrick scores
Vincent Hilton to third
Mike Hayes to second
Batting: LHB Denny Doyle 0-0: Called Strike
0-1: Ball
1-1: Ball
2-1: Swinging Strike
2-2: Foul Ball, location: 5FF
2-2: Ball
3-2: Strikes out looking
Top of the 8th over - 1 run, 2 hits, 1 error, 2 left on base; Bethesda 2 - Spruce Grove 0
BOTTOM OF THE 8TH
Spruce Grove Eagles batting - Pitching for Bethesda Gamers : RHP Mark Mathews
Now at 3B: Danny Napoleon
Batting: RHB Sergio Flores 0-0: Foul Ball, location: 2F
0-1: Ball
1-1: Called Strike
1-2: Foul Ball, location: 2F
1-2: Ball
2-2: Strikes out looking
Batting: RHB Richard van Lint 0-0: Ball
1-0: Ball
2-0: Ball
3-0: Called Strike
3-1: Ground out U3 (Groundball, 34, EV 106.9 MPH)
Batting: RHB Frank Taveras 0-0: SOLO HOME RUN (Flyball, 78XD, EV 103.8 MPH), Distance : 405 ft
Pitching: RHP Doug Hartman
Batting: LHB Rick Miller 0-0: Ball
1-0: Ball
2-0: Ball
3-0: Base on Balls
Batting: LHB Jeff O'Neal 0-0: Ball
1-0: Swinging Strike
1-1: Ball
2-1: Foul Ball, location: 2F
2-2: Ball
3-2: Strikes out swinging
Bottom of the 8th over - 1 run, 1 hit, 0 errors, 1 left on base; Bethesda 2 - Spruce Grove 1
TOP OF THE 9TH
Bethesda Gamers batting - Pitching for Spruce Grove Eagles : LHP Ronald Pierce
Batting: LHB José Velázquez 0-0: Ground out U3 (Groundball, 34, EV 81.9 MPH)
Batting: LHB Kendrick Wolf 0-0: Foul Ball, location: 23FF
0-1: Ball
1-1: Ball
2-1: Swinging Strike
2-2: Foul Ball, location: 2F
2-2: Ball
3-2: Foul Ball, location: 2F
3-2: Foul Ball, location: 7LDF
3-2: Base on Balls
Pitching: RHP Cale King
Batting: RHB Dusty Cox 0-0: Ball
1-0: Ball
2-0: Foul Ball, location: 2F
2-1: Fly out, F8 (Flyball, 8LXD, EV 96.9 MPH)
Batting: LHB Melvin Ewing 0-0: 2-RUN HOME RUN (Flyball, 9LD, EV 96.3 MPH), Distance : 361 ft
Batting: RHB Danny Napoleon 0-0: Ball
1-0: Ball
2-0: Ball
3-0: Base on Balls
Batting: RHB John Coleman 0-0: Swinging Strike
0-1: Foul Ball, location: 7LSFF
0-2: Strikes out looking
Top of the 9th over - 2 runs, 1 hit, 0 errors, 1 left on base; Bethesda 4 - Spruce Grove 1
BOTTOM OF THE 9TH
Spruce Grove Eagles batting - Pitching for Bethesda Gamers : RHP Doug Hartman
Batting: SHB Randy Harris 0-0: Called Strike
0-1: Swinging Strike
0-2: Ball
1-2: SINGLE (Flyball, 4D, EV 92.5 MPH)
Batting: LHB Artie Harper 0-0: Foul Ball, location: 2F
0-1: Foul Ball, location: 2F
0-2: Ball
1-2: Ball
Wild Pitch!
Randy Harris to second
2-2: Ball
3-2: Fly out, F8 (Flyball, 8LXD, EV 93.8 MPH)
Runner from 2nd tags up, SAFE at 3rd, no throw by CF
Pinch Hitting: RHB Tom Paciorek 0-0: Ball
1-0: Ball
2-0: Ground out 2-3 (Groundball, 15S, EV 75.0 MPH)
Batting: RHB Tony Bartlett 0-0: Ball
1-0: Ball
2-0: Called Strike
2-1: Ball
3-1: Foul Ball, location: 3FF
3-2: SINGLE (Line Drive, 78S, EV 88.8 MPH)
Randy Harris scores
Batting: RHB Sergio Flores 0-0: Ball
1-0: Ball
2-0: Foul Ball, location: 2F
2-1: SINGLE (Groundball, 56, EV 103.1 MPH)
Tony Bartlett to second
Pinch Hitting: RHB Ricardo Calderón 0-0: SINGLE (Line Drive, 7S, EV 101.9 MPH)
Tony Bartlett to third
Sergio Flores to second
Batting: RHB Frank Taveras 0-0: Called Strike
0-1: Ball
1-1: Called Strike
1-2: Fly out, F8 (Flyball, 8RS, EV 93.1 MPH)
Bottom of the 9th over - 1 run, 4 hits, 0 errors, 3 left on base; Bethesda 4 - Spruce Grove 2
Thursday, February 29th , 2024 - OOTP Baseball 24.8 Build 75